AoeStats
← Maty

Arabia

505498013Analyzed
1v1 RM · 22d ago on Sep 9, 2026· 23m 21s· 2 players
Game mode
Random Map
Map size
Tiny (2 player)
Population
200
Speed
Normal
Resources
Standard
Victory
Conquest
Starting age
Dark Age
Ending age
Imperial Age
RankedLock teamsTeams togetherTeam positionsShared explorationLock speedFull tech treeHidden civsTurbo modeCheats
Victory
Defeat
🇪🇨 Malians · Ecuador
1873
+22
🇪🇸 Vikings · Spain
2005
-22
c3mbrich!
7:55 Loom
10:44 Feudal Age
15:44 Padded Archer Armor
20:27 Castle Age
18:50 Gold Mining
18:44 Horse Collar
20:56 Fletching
20:32 Crossbowman
21:48 Scale Barding Armor
Maty
6:51 Loom
9:18 Feudal Age
10:05 Double-Bit Axe
9:48 Man-at-Arms
19:59 Castle Age
18:14 Horse Collar
18:59 Padded Archer Armor
19:16 Fletching
20:49 Wheelbarrow
20:35 Bodkin Arrow
20:45 Crossbowman
22:17 Town Watch
23:28 Ballistics
23:25 Leather Archer Armor
Connection lost

Rejoining the realm…

Still unreachable

The connection could not be restored.

Session expired

The server has moved on; the page needs a fresh start.